 Dungeon Sprint DCSS version 0.30.1-11-g7821555f0a (webtiles) character file.

Game seed: 3317606397199805629

4145 Groucho the Geomancer (level 10, -3/59 HPs)
             Began as a Deep Elf Earth Elementalist on Jan 15, 2024.
             Was a High Priest of Sif Muna.
             Slain by Maurice
             ... wielding a +0 dagger
              (5 damage)
             ... while paralysed by Maurice
             ... in the Dungeon (Sprint VII: "The Pits").
             The game lasted 00:09:55 (3985 turns).

Groucho the Geomancer (Deep Elf Earth Elementalist) Turns: 3985, Time: 00:09:56

Health: -3/59      AC: 10    Str:  5    XL:     10   Next: 7%
Magic:  23/28      EV:  2    Int: 25    God:    Sif Muna [*****.]
Gold:   0          SH:  0    Dex: 15    Spells: 14/33 levels left

rFire   . . .        h - +2 dagger
rCold   . . .        (no shield)
rNeg    . . .        a - +0 robe
rPois   .            q - +0 helmet
rElec   .            r - +0 cloak
rCorr   .            (no gloves)
SInv    .            (no boots)
Will    +....        (no amulet)
Stlth   +++          e - +3 ring of protection
HPRegen 0.29/turn    m - +3 ring of protection
MPRegen 0.21/turn

%: no teleportation
@: paralysed
A: no striking features
a: Renounce Religion, Channel Magic, Forget Spell, Divine Exegesis


You were in the Dungeon.
You worshipped Sif Muna.
Sif Muna was extremely pleased with you.
You visited 1 branch

Inventory:

Hand Weapons
 h - a +2 dagger (weapon)
Missiles
 j - 9 stones
Armour
 a - a +0 robe (worn)
 q - a +0 helmet (worn)
 r - a +0 cloak (worn)
 s - a +5 ring mail
Jewellery
 e - a +3 ring of protection (left hand)
 m - a +3 ring of protection (right hand)
Scrolls
 k - 5 scrolls of amnesia
 l - a scroll of summoning
Potions
 b - 5 potions of magic
 c - 8 potions of curing
 d - 8 potions of heal wounds
 f - 3 potions of berserk rage
 i - 2 potions of invisibility
 o - 2 potions of might
 p - a potion of mutation


   Skills:
 - Level 5.0 Fighting
 - Level 5.0 Short Blades
 + Level 5.0 Armour
 - Level 5.0 Dodging
 - Level 7.0 Stealth
 - Level 12.0 Spellcasting
 + Level 10.5 Conjurations
 + Level 9.6 Transmutations
 + Level 12.2 Earth Magic
 + Level 9.1 Invocations


You had 14 spell levels left.
You knew the following spells:

 Your Spells              Type           Power      Damage    Failure   Level
a - Sandblast             Erth           100%       2d20      1%          1
b - Stone Arrow           Conj/Erth      100%       3d13      1%          3
c - Petrify               Tmut/Erth      62%        N/A       1%          4
d - Lee's Rapid Deconstr  Erth           33%        3d17*     1%          5
e - Iron Shot             Conj/Erth      32%        9d7       6%          6

Your spell library contained the following spells:

 Spells                   Type           Power      Damage    Failure   Level
 Magic Dart               Conj           100%       1d8       1%          1
 Passwall                 Tmut/Erth      51%        N/A       1%          2
 Searing Ray              Conj           100%       2d8       1%          2
 Fulminant Prism          Conj/Hex       20%        3d12      4%          4
 Spellforged Servitor     Conj/Summ      20%        N/A       98%         7
 Summon Cactus Giant      Summ           7%         N/A       99%         6
 Haunt                    Necr/Summ      7%         N/A       100%        7
 Summon Hydra             Summ           7%         N/A       100%        7


Dungeon Overview and Level Annotations

Branches:
Dungeon (1/1)

Altars:
Ashenzari
Cheibriados
Dithmenos
Elyvilon
Fedhas
Gozag
Hepliaklqana
Kikubaaqudgha
Makhleb
Nemelex Xobeh
Okawaru
Qazlal
Ru
Sif Muna
Trog
Uskayaw
Vehumet
Wu Jian
Xom
Yredelemnul
Zin
The Shining One
Jiyva
Lugonu

Annotations:
D Maurice


Message History

The vampire mosquito bites you!
The vampire mosquito draws strength from your injuries!
The vampire mosquito closely misses you.
Maurice hits you but does no damage.
Unknown command.
Unknown command.
Aiming: Stone Arrow (safe; 1% risk of failure)
Press: ? - help, Q - select action, (/) - cycle Shift-Dir - straight line, f/p - Maurice
Aim: Maurice, wielding a +0 dagger, wearing a +0 cloak and carrying a wand of paralysis (4) (heavily wounded, 69% to hit)
The stone arrow hits Maurice!
Maurice is severely wounded.
The vampire mosquito bites you.
The vampire mosquito draws strength from your injuries!
The vampire mosquito bites you.
The vampire mosquito draws strength from your injuries!
Maurice zaps a wand.
You suddenly lose the ability to move!
The vampire mosquito completely misses you.
The vampire mosquito bites you but does no damage. x2
Maurice casts a spell.
Maurice puts on a burst of speed!
The vampire mosquito bites you.
The vampire mosquito draws strength from your injuries!
The vampire mosquito bites you.
The vampire mosquito draws strength from your injuries!
The vampire mosquito bites you!
The vampire mosquito draws strength from your injuries!
The vampire mosquito barely misses you. Maurice hits you with a +0 dagger.
* * * LOW HITPOINT WARNING * * *
Maurice steals 2 of your 10 potions of heal wounds!
The vampire mosquito bites you.
* * * LOW HITPOINT WARNING * * *
The vampire mosquito draws strength from your injuries!
The vampire mosquito bites you.
* * * LOW HITPOINT WARNING * * *
The vampire mosquito draws strength from your injuries!
The vampire mosquito bites you but does no damage.
The vampire mosquito bites you.
* * * LOW HITPOINT WARNING * * *
The vampire mosquito draws strength from your injuries!
Maurice hits you with a +0 dagger.
You die...

......##..+...#........
......##..#...#........
......##..#...#.#####..
########..#####.+...# .
########....)...#...+
#+#
.#....##.......†#...#
Y...
.#...[###+###...#...
y.... .'..))#
+...#@###...# .#..))#
#...@y......# .#..).#
#..†.y......+ #######
#############


You could see Maurice (swift) and 2 vampire mosquitoes.

Vanquished Creatures
  A hydra (D)
  A shadow wraith (D)
  A bog body (D)
  A wolf spider (D)
  2 molten gargoyles (D)
  A rime drake (D)
  A jumping spider (D)
  A shadow (D)
  A vampire mosquito (D)
  An ice beast (D)
  A small abomination (D)
  A phantom (D)
  Blork the orc (D)
  A kobold brigand (D)
  A gnoll sergeant (D)
  3 scorpions (D)
  An orc priest (D)
  A hound (D)
  A jelly (D)
  An orc wizard (D)
  A mummy (D)
  4 gnolls (D)
  2 adders (D)
  A worm (D)
  An orc (D)
  A bat zombie (D)
  2 giant cockroaches (D)
  A ball python zombie (D)
  A bat (D)
  A frilled lizard (D)
  A giant cockroach zombie (D)
  A quokka skeleton (D)
  A rat (D)
41 creatures vanquished.

Notes
Turn   | Place    | Note
-------+----------+-------------------------------------------
     0 | D        | Groucho the Deep Elf Earth Elementalist began the quest for
                  | the Orb.
     0 | D        | Reached XP level 1. HP: 10/10 MP: 6/6
    41 | D        | Found a glowing golden altar of the Shining One.
    41 | D        | Found a glowing silver altar of Zin.
    41 | D        | Found a basalt altar of Yredelemnul.
    41 | D        | Found a shimmering altar of Xom.
    41 | D        | Found an ornate altar of the Wu Jian Council.
    41 | D        | Found a bloodstained altar of Trog.
    41 | D        | Found a shimmering blue altar of Sif Muna.
    41 | D        | Found a sacrificial altar of Ru.
    41 | D        | Found a stormy altar of Qazlal.
    41 | D        | Found an iron altar of Okawaru.
    41 | D        | Found a sparkling altar of Nemelex Xobeh.
    41 | D        | Found a burning altar of Makhleb.
    41 | D        | Found a viscous altar of Jiyva.
    41 | D        | Found a hazy altar of Hepliaklqana.
    41 | D        | Found an opulent altar of Gozag.
    41 | D        | Found a blossoming altar of Fedhas.
    41 | D        | Found a white marble altar of Elyvilon.
    41 | D        | Found a shadowy altar of Dithmenos.
    41 | D        | Found a snail-covered altar of Cheibriados.
    42 | D        | Found a radiant altar of Vehumet.
    42 | D        | Found a corrupted altar of Lugonu.
    43 | D        | Found an ancient bone altar of Kikubaaqudgha.
    43 | D        | Found a hide-covered altar of Uskayaw.
    43 | D        | Found a broken altar of Ashenzari.
    44 | D        | Became a worshipper of Sif Muna the Loreminder
    53 | D        | Noticed a scorpion
    70 | D        | Killed a scorpion
    71 | D        | Reached skill level 5 in Spellcasting
    71 | D        | Reached XP level 2. HP: 15/15 MP: 3/10
    71 | D        | Reached XP level 3. HP: 19/19 MP: 3/12
    88 | D        | Reached * piety under Sif Muna
    96 | D        | Noticed a scorpion
   109 | D        | Killed a scorpion
   109 | D        | Reached ** piety under Sif Muna
   110 | D        | Reached skill level 5 in Conjurations
   110 | D        | Reached XP level 4. HP: 24/24 MP: 0/14
   356 | D        | Noticed a phantom
   362 | D        | Killed a phantom
   362 | D        | Reached *** piety under Sif Muna
   363 | D        | Reached skill level 1 in Fighting
   363 | D        | Reached skill level 1 in Short Blades
   363 | D        | Reached XP level 5. HP: 30/30 MP: 13/17
   367 | D        | Learned a level 3 spell: Stone Arrow
   372 | D        | Learned a level 4 spell: Petrify
   376 | D        | Noticed an ice beast
   382 | D        | Killed an ice beast
   383 | D        | Reached XP level 6. HP: 35/35 MP: 11/19
   716 | D        | Noticed Blork the orc
  1219 | D        | Killed Blork the orc
  1219 | D        | Reached **** piety under Sif Muna
  1220 | D        | Reached skill level 5 in Stealth
  1530 | D        | Noticed a wolf spider
  1541 | D        | Killed a wolf spider
  1541 | D        | Reached ***** piety under Sif Muna
  1542 | D        | Reached skill level 5 in Transmutations
  1542 | D        | Reached skill level 5 in Invocations
  1542 | D        | Reached XP level 7. HP: 34/43 MP: 17/22
  1738 | D        | Received a gift from Sif Muna
  1743 | D        | Reached XP level 8. HP: 46/48 MP: 8/23
  1744 | D        | Reached skill level 5 in Short Blades
  1744 | D        | Reached skill level 10 in Earth Magic
  1744 | D        | Got Cirer's Reference Book on the Plutonic Boggart {god
                  | gift}
  1751 | D        | Learned a level 5 spell: Lee's Rapid Deconstruction
  1758 | D        | Learned a level 6 spell: Iron Shot
  2276 | D        | Reached skill level 10 in Spellcasting
  2413 | D        | Noticed a molten gargoyle
  2414 | D        | Noticed a bog body
  2418 | D        | Killed a molten gargoyle
  2419 | D        | Reached skill level 1 in Armour
  2676 | D        | Killed a bog body
  2677 | D        | Reached skill level 5 in Fighting
  2677 | D        | Reached XP level 9. HP: 54/54 MP: 21/26
  2976 | D        | Noticed a four-headed hydra
  3017 | D        | Killed a four-headed hydra
  3018 | D        | Reached skill level 5 in Dodging
  3508 | D        | Noticed a molten gargoyle
  3514 | D        | Killed a molten gargoyle
  3514 | D        | Received a gift from Sif Muna
  3947 | D        | Killed a shadow wraith
  3948 | D        | Reached skill level 10 in Conjurations
  3969 | D        | Noticed a rime drake
  3969 | D        | Noticed Maurice
  3975 | D        | Killed a rime drake
  3976 | D        | Reached skill level 5 in Armour
  3976 | D        | Reached XP level 10. HP: 59/59 MP: 25/28
  3977 | D        | Paralysed by Maurice for 4 turns
  3982 | D        | Paralysed by Maurice for 4 turns
  3985 | D        | HP: 2/59 [vampire mosquito (3)]
  3985 | D        | Slain by Maurice

Illustrated notes

Levels and vault maps discovered:
D:        pitsprint [storerooms_1, entrance_room_1, metal_vault_8, armoury_2,
          mini_pit_1, grid_room_1, main_hall_1, silver_pit, the_coven_1,
          the_vestibule_1, steel_vault_4, golden_pit, hallway_of_sentries,
          crystal_vault_4, iron_vault_2, final_vault]

Skill      XL: |  1  2  3  4  5  6  7  8  9 |
---------------+----------------------------+-----
Spellcasting   | 5 6 7 8 9 11 12 | 12.0
Conjurations   | 3 5 7 8 10 | 10.5
Earth Magic    | 6 8 9 10 12 | 12.2
Fighting       | 1 2 4 5 |  5.0
Short Blades   | 1 2 4 5 |  5.0
Stealth        | 3 4 6 7 |  7.0
Transmutations | 2 3 5 7 9 |  9.6
Invocations    | 2 5 7 9 |  9.1
Armour         | 2 5 |  5.0
Dodging        | 4 5 |  5.0

Action                     |  1- 3 |  4- 6 |  7- 9 | 10-12 || total
---------------------------+-------+-------+-------+-------++-------
  Melee: Dagger            |       |    10 |     9 |       ||    19
         Punch             |       |       |     1 |       ||     1
  Throw: Stone             |       |       |     1 |       ||     1
   Cast: Sandblast         |    12 |     6 |       |       ||    18
         Stone Arrow       |       |    10 |    33 |     4 ||    47
         Petrify           |       |     3 |     7 |       ||    10
 Invoke: Channel Magic     |       |       |     2 |       ||     2
    Use: Potion            |     1 |       |     1 |       ||     2
         Scroll            |       |       |     1 |       ||     1
   Stab: Petrified         |       |    10 |     9 |       ||    19
 Armour: Robe              |       |       |     1 |     6 ||     7
  Dodge: Dodged            |     1 |    10 |     2 |     4 ||    17
